 Dungeon Crawl Stone Soup version 0.22.0-38-g04b72b8 (webtiles) character file.

123165 KobiteSteel the Peltast (level 16, -4/146 HPs)
             Began as a Naga Fighter on Aug 26, 2018.
             Was the Champion of Cheibriados.
             Killed from afar by Nikola (13 damage)
             ... with a chain lightning
             ... on level 2 of the Swamp on Aug 27, 2018.
             The game lasted 01:29:03 (24799 turns).

KobiteSteel the Peltast (Naga Fighter)             Turns: 24799, Time: 01:29:04

Health: -4/146     AC: 20    Str: 41    XL:     16   Next: 89%
Magic:  20/20      EV:  9    Int: 24    God:    Cheibriados [******]
Gold:   2376       SH: 29    Dex: 30    Spells: 15/15 levels left

rFire    + . .     SeeInvis +   b - +6 whip (elec)
rCold    . . .     Gourm    .   v - +2 large shield
rNeg     . . .     Faith    .   c - +0 plate armour
rPois    +         Spirit   .   C - +0 helmet
rElec    .         Reflect  .   e - scarf {cloud immunity}
rCorr    .         Harm     .   t - +2 pair of gloves
MR       +++..                  (no barding)
Stlth    ..........             E - amulet of regeneration
HPRegen  0.74/turn              R - ring of protection from fire
MPRegen  0.17/turn              Q - ring "Vutz" {rPois MR+ Dex+3 SInv}

@: very slow
A: large, thin skeletal structure 1, see invisible, deformed body, mutation
resistance 1, poison resistance, slowness 2, slow metabolism 1, spit poison 1,
constrict 1, AC +5
a: Spit Poison, Bend Time, Temporal Distortion, Slouch, Step From Time, Renounce
Religion


You were on level 2 of the Swamp.
You worshipped Cheibriados.
Cheibriados was exalted by your worship.
You were hungry.

You visited 7 branches of the dungeon, and saw 28 of its levels.
You also visited: Sewer.

You collected 2528 gold pieces.
You spent 152 gold pieces at shops.

Inventory:

Hand Weapons
 a - a +1 war axe of draining
 b - a +6 whip of electrocution (weapon)
 r - a +1 war axe of flaming
 A - a +0 mace of holy wrath
 H - the +3 mace "Arbiter" {flame, Str+3 Dex+4 Stlth+}
   (You found it on level 10 of the Dungeon)

   It has been specially enchanted to burn those struck by it, causing extra
   injury to most foes and up to half again as much damage against particularly
   susceptible opponents.
   It affects your strength (+3).
   It affects your dexterity (+4).
   It makes you more stealthy.
 X - a +4 broad axe of flaming
Armour
 c - a +0 plate armour (worn)
 e - a scarf of cloud immunity (worn)
 g - the +1 robe "Fots" {rPois rC+ MR- Int+2 Dex+2}
   (You found it on level 14 of the Dungeon)

   It affects your intelligence (+2).
   It affects your dexterity (+2).
   It protects you from cold.
   It protects you from poison.
   It affects your resistance to hostile enchantments.
 l - a +0 cloak
 t - a +2 pair of gloves (worn)
 v - a +2 large shield (worn)
 C - a +0 helmet (worn)
Jewellery
 m - an uncursed ring of flight
 n - a +6 ring of dexterity
 p - the ring of Zimish {*Tele *Corrode rF+ MR+}
   (You found it on level 15 of the Dungeon)

   [ring of teleportation]

   It may teleport you next to monsters.
   It protects you from fire.
   It affects your resistance to hostile enchantments.
   It may corrode you when you take damage.
 D - an uncursed ring of ice
 E - an amulet of regeneration (around neck)
 P - an uncursed ring of ice
 Q - the ring "Vutz" (right hand) {rPois MR+ Dex+3 SInv}
   (You found it on level 3 of the Lair of Beasts)

   [ring of see invisible]

   It affects your dexterity (+3).
   It protects you from poison.
   It affects your resistance to hostile enchantments.
   It lets you see invisible.
 R - a ring of protection from fire (left hand)
Wands
 d - a wand of acid (4)
 i - a wand of polymorph (19)
 s - a wand of paralysis (15)
 I - a wand of flame (30)
 J - a wand of disintegration (24)
 K - a wand of digging (10)
 W - a wand of scattershot (6)
Scrolls
 j - 8 scrolls of magic mapping
 k - a scroll of identify
 q - 4 scrolls of amnesia
 x - 12 scrolls of remove curse
 y - 3 scrolls of summoning
 z - 5 scrolls of teleportation
 M - a scroll of fear
 Y - a scroll of blinking
Potions
 h - a potion of curing
 o - 2 potions of ambrosia
 u - 4 potions of agility
 B - 4 potions of brilliance
 G - 4 potions of flight
 N - 2 potions of mutation
 V - 2 potions of might
Comestibles
 f - 25 rations


   Skills:
 + Level 10.2 Fighting
 * Level 9.5 Axes
 + Level 10.7 Armour
 + Level 3.0 Dodging
 - Level 0.4 Stealth
 + Level 18.5 Shields
 - Level 5.6 Invocations


You had 15 spell levels left.
You didn't know any spells.
Your spell library contained the following spells:

 Spells                   Type           Power        Failure   Level  Hunger
 Animate Skeleton         Necr           N/A          52%         1    ##.....
 Beastly Appendage        Tmut           #.....       52%         1    ##.....
 Corona                   Hex            #......      52%         1    ##.....
 Pain                     Necr           #...         52%         1    ##.....
 Sandblast                Erth           #.....       52%         1    ##.....
 Ensorcelled Hibernation  Hex/Ice        #.....       67%         2    ###....
 Passwall                 Tmut/Erth      #.......     67%         2    ###....
 Sticks to Snakes         Tmut           #.......     67%         2    ###....
 Confuse                  Hex            #.......     88%         3    ####...
 Dazzling Spray           Conj/Hex       #.....       88%         3    ####...
 Regeneration             Chrm/Necr      #.........   88%         3    ####...
 Spider Form              Tmut/Pois      #.........   88%         3    ####...
 Stone Arrow              Conj/Erth      #.....       88%         3    ####...
 Tukima's Dance           Hex            #.......     88%         3    ####...
 Vampiric Draining        Necr           #.........   88%         3    ####...
 Animate Dead             Necr           N/A          99%         4    #####..
 Ice Form                 Ice/Tmut       #.......     99%         4    #####..
 Petrify                  Tmut/Erth      #.......     99%         4    #####..
 Blade Hands              Tmut           #.........   100%        5    ######.
 Lee's Rapid Deconstruct  Erth           #.........   100%        5    ######.


Dungeon Overview and Level Annotations

Branches:
Dungeon (15/15)            Temple (1/1) D:5            Lair (6/6) D:11
  Swamp (2/4) Lair:2        Snake (1/4) Lair:3        Slime (0/5) Lair:6
    Orc (2/2) D:9             Elf (1/3) Orc:2        Depths (0/5) D:15
 Vaults: D:13-14

Altars:
Ashenzari
Cheibriados
Dithmenos
Elyvilon
Fedhas
Gozag
Hepliaklqana
Kikubaaqudgha
Makhleb
Nemelex Xobeh
Okawaru
Qazlal
Ru
Sif Muna
Trog
Uskayaw
Vehumet
Wu Jian
Xom
Yredelemnul
Zin
The Shining One
Beogh
Lugonu

Shops:
D:9 :   D:11 [   D:12 ?   Orc:2 %:([   Snake:1 %

Portals:
Trove: D:11 (give 17 potions of curing)

Annotations:
D:6 2 transporters, Menkaure
D:13 Snorg
Swamp:2 Nikola


Innate Abilities, Weirdness & Mutations

You cannot wear boots.
Your serpentine skin is tough. (AC +5)
You have supernaturally acute eyesight. (SInv)
Armour fits poorly on your strangely shaped body.
Your system is resistant to poisons. (rPois)
You cover ground very slowly.
You have a slow metabolism.
You can spit poison.
You can use your snake-like lower body to constrict enemies.
You have a somewhat thin skeletal structure. (Dex +2, Stealth)
You are somewhat resistant to further mutation.


Message History

Cheibriados thoroughly appreciates the change of pace.
No target in view!
No target in view!
A spiny frog, a spriggan rider and Nikola come into view.
Nikola is wielding a rapier of electrocution.
The spiny frog croaks.
Nikola casts a spell at you. The bolt of lightning hits you!
The spriggan rider picks up a scroll of remove curse.
The spiny frog stings you.
Nikola mumbles some strange words.
You hear a mighty clap of thunder!
The lightning arc hits you!
The lightning arc hits the spiny frog.
The spiny frog dies!
The lightning arc hits you!
* * * LOW HITPOINT WARNING * * *
The lightning arc hits Nikola.
The lightning arc hits you!
* * * LOW HITPOINT WARNING * * *
The lightning arc hits Nikola.
The lightning arc hits you!
You die...

♣♣♣♣♣♣♣≈.≈.≈
♣♣...≈♣....≈≈
♣.≈≈.≈...≈≈≈≈
♣.≈≈....≈≈≈§
♣♣♣≈...≈≈..♣♣♣
♣♣≈≈..≈≈≈≈≈...♣
♣≈..i...≈≈≈.≈♣
♣♣@....♣
♣<†≈♣♣..♣ ♣♣.♣♣
@... ≈≈..≈≈
.≈≈....≈≈
..≈≈≈≈≈.≈
♣♣.......≈
♣♣♣♣...


You could see Nikola and a spriggan rider.

Vanquished Creatures
  Rupert (D:15)
  Louise (D:15)
  2 orc warlords
  A dire elephant (Lair:5)
  An ettin (D:15)
  A fire dragon (Lair:6)
  A rakshasa (D:15)
  Fannar (Lair:3)
  2 naga warriors (Snake:1)
  8 hydras
  Erica (D:9)
  A catoblepas (Lair:5)
  6 centaur warriors
  An anaconda (Lair:3)
  12 two-headed ogres
  6 alligators
  4 death yaks (Lair:5)
  An ogre mage (D:15)
  3 shock serpents (Snake:1)
  2 naga sharpshooters
  An orc high priest (Orc:2)
  3 deep elf knights
  Nergalle (Lair:1)
  4 unseen horrors
  A deep troll (D:15)
  5 skeletal warriors (D:15)
  A lindwurm (Lair:6)
  2 deep elf archers (D:15)
  Pikel (D:5)
  2 orc knights
  2 deep elf magi
  A manticore (D:14)
  A cyclops (D:15)
  5 orc sorcerers
  8 ugly things
  2 guardian serpents (Snake:1)
  4 naga magi (Snake:1)
  Psyche (D:8)
  8 black mambas
  24 elephants
  7 torpor snails
  3 centaur skeletons
  An eye of devastation (Lair:6)
  3 rime drakes (Lair:5)
  10 spiny frogs
  A gargoyle (D:10)
  6 komodo dragons
  2 freezing wraiths (D:15)
  4 trolls
  A polar bear (Lair:6)
  6 tyrant leeches
  5 hippogriffs
  15 slime creatures
  14 hornets
  5 blink frogs (Lair:3)
  A bog body (Swamp:1)
  8 dream sheep
  A meliai zombie (D:15)
  7 spriggans
  4 wyverns
  43 yaks
  A yak (shapeshifter) (Elf:1)
  2 basilisks
  4 hungry ghosts
  A steam dragon (D:10)
  8 vampire mosquitoes
  7 nagas
  5 swamp worms (Swamp:1)
  6 insubstantial wisps (Swamp:1)
  3 wargs
  A soldier ant (D:12)
  An acid dragon (D:15)
  Duvessa (D:7)
  15 porcupines
  12 water moccasins
  34 orc warriors
  A swamp drake (Swamp:1)
  8 ice beasts
  7 sky beasts
  A slave (D:5)
  2 black bears
  A necrophage (D:12)
  An eye of draining (Lair:6)
  3 phantoms
  11 ogres
  8 wolves
  18 centaurs
  10 crocodiles
  14 bullfrogs
  10 big kobolds
  Dowan (D:7)
  5 scorpions
  2 troll zombies (D:9)
  10 wights
  A howler monkey (D:9)
  7 crimson imps
  2 quasits
  A bullfrog zombie (D:11)
  9 centaur zombies
  4 jellies
  Crazy Yiuf (D:7)
  22 orc priests
  10 hounds
  21 orc wizards
  3 iguanas
  9 worker ants
  6 ogre zombies (D:9)
  2 hound zombies (D:11)
  16 adders
  A river rat (D:3)
  2 shadow imps
  2 oozes (D:4)
  An adder skeleton (D:4)
  4 worms
  4 dart slugs
  4 leopard geckos
  87 orcs
  7 ball pythons
  12 giant cockroaches
  9 hobgoblins
  10 jackals
  26 kobolds
  6 quokkas
  10 bats
  7 frilled lizards
  9 goblins
  3 goblin skeletons (D:9)
  2 goblin zombies (D:9)
  A hobgoblin skeleton (D:9)
  2 hobgoblin zombies (D:9)
  A leopard gecko skeleton (D:4)
  17 orc zombies (D:9)
  3 quokka skeletons
  7 rats
845 creatures vanquished.

Vanquished Creatures (collateral kills)
  A centaur warrior (D:11)
  A centaur (D:11)
  A crocodile (D:11)
  A leopard gecko (D:11)
4 creatures vanquished.

Vanquished Creatures (others)
  A spiny frog (Swamp:2)
  2 bushes (D:15)
  92 fungi
  36 plants
131 creatures vanquished.

Grand Total: 980 creatures vanquished

Notes
Turn   | Place    | Note
-------+----------+-------------------------------------------
     0 | D:1      | KobiteSteel the Naga Fighter began the quest for the Orb.
     0 | D:1      | Reached XP level 1. HP: 21/21 MP: 1/1
   206 | D:1      | Reached XP level 2. HP: 26/28 MP: 2/2
   660 | D:1      | Reached XP level 3. HP: 24/34 MP: 3/3
  1576 | D:2      | Reached XP level 4. HP: 37/42 MP: 4/4
  2279 | D:3      | Reached XP level 5. HP: 39/49 MP: 5/5
  2551 | D:3      | Found a glowing drain.
  2611 | Sewer    | Entered a sewer
  2742 | Sewer    | Noticed a big kobold
  2742 | Sewer    | Noticed a big kobold
  2749 | Sewer    | Killed a big kobold
  2749 | Sewer    | Reached XP level 6. HP: 42/57 MP: 6/6
  2760 | Sewer    | Reached skill level 5 in Axes
  2760 | Sewer    | Reached skill level 3 in Shields
  2825 | Sewer    | Reached XP level 7. HP: 63/64 MP: 7/7
  2948 | D:3      | Found an iron altar of Okawaru.
  3933 | D:4      | Reached XP level 8. HP: 62/73 MP: 8/8
  4201 | D:5      | Entered Level 5 of the Dungeon
  4780 | D:5      | Reached skill level 4 in Shields
  4861 | D:5      | Found a staircase to the Ecumenical Temple.
  4895 | D:5      | Noticed Pikel
  4927 | D:5      | Killed Pikel
  4927 | D:5      | Reached skill level 1 in Dodging
  4927 | D:5      | Reached XP level 9. HP: 49/80 MP: 9/9
  5366 | D:6      | Reached skill level 5 in Shields
  5389 | D:5      | Reached skill level 5 in Fighting
  5397 | Temple   | Entered the Ecumenical Temple
  5485 | Temple   | Became a worshipper of Cheibriados the Contemplative
  5668 | D:6      | Found an ancient bone altar of Kikubaaqudgha.
  5670 | D:6      | Found a transporter.
  5719 | D:6      | Found a transporter.
  5725 | D:6      | Found a basalt altar of Yredelemnul.
  5727 | D:6      | Noticed Menkaure
  6138 | D:7      | Noticed Duvessa
  6138 | D:7      | Noticed Dowan
  6146 | D:7      | Killed Duvessa
  6146 | D:7      | Reached skill level 5 in Armour
  6156 | D:7      | Reached skill level 6 in Shields
  6166 | D:7      | Killed Dowan
  6166 | D:7      | Reached * piety under Cheibriados
  6575 | D:7      | Found a runed door.
  6779 | D:7      | Noticed Crazy Yiuf
  6782 | D:7      | Killed Crazy Yiuf
  6895 | D:8      | Reached skill level 7 in Shields
  7022 | D:8      | Reached XP level 10. HP: 62/88 MP: 10/10
  7107 | D:8      | Reached ** piety under Cheibriados
  7395 | D:8      | Noticed a two-headed ogre
  7409 | D:8      | Killed a two-headed ogre
  7409 | D:8      | Reached skill level 8 in Shields
  7808 | D:8      | Noticed Psyche
  7822 | D:8      | Killed Psyche
  8669 | D:9      | Found a staircase to the Orcish Mines.
  8731 | D:9      | Reached *** piety under Cheibriados
  8905 | D:9      | Found a stormy altar of Qazlal.
  8907 | D:9      | Found a white marble altar of Elyvilon.
  8914 | D:9      | Found a hide-covered altar of Uskayaw.
  8945 | D:9      | Reached **** piety under Cheibriados
  8982 | D:9      | Reached skill level 9 in Shields
  9009 | D:9      | Found a shimmering altar of Xom.
  9010 | D:9      | Found a hazy altar of Hepliaklqana.
  9010 | D:9      | Noticed a torpor snail
  9011 | D:9      | Noticed a spectral ugly thing
  9011 | D:9      | Noticed a torpor snail
  9174 | D:9      | Found Laam Qof's Book Shoppe.
  9177 | D:9      | Noticed Erica
  9185 | D:9      | Killed Erica
  9185 | D:9      | Reached XP level 11. HP: 82/98 MP: 11/11
  9298 | D:9      | Reached skill level 10 in Shields
  9314 | D:9      | Noticed a three-headed hydra
  9327 | D:9      | Killed a three-headed hydra
  9646 | D:10     | Entered Level 10 of the Dungeon
 10428 | D:10     | Got an iridescent mace
 10429 | D:10     | Identified the cursed +3 mace "Arbiter" {flame, Str+3 Dex+4 Stlth+} (You found it on level 10 of the Dungeon)
 10505 | D:10     | Reached ***** piety under Cheibriados
 10675 | D:11     | Noticed an unseen horror
 10718 | D:11     | Killed an unseen horror
 10731 | D:11     | Noticed a red ugly thing
 10751 | D:11     | Killed a red ugly thing
 10751 | D:11     | Reached skill level 11 in Shields
 10797 | D:11     | Noticed a centaur warrior
 10818 | D:11     | Killed a centaur warrior
 10981 | D:11     | Found a portal to a secret trove of treasure.
 10986 | D:11     | Noticed a two-headed ogre
 10996 | D:11     | Killed a two-headed ogre
 10996 | D:11     | Reached XP level 12. HP: 89/106 MP: 12/12
 11012 | D:11     | Found Zeriam's Antique Armour Boutique.
 11045 | D:11     | Noticed a two-headed ogre
 11057 | D:11     | Killed a two-headed ogre
 11057 | D:11     | Reached skill level 12 in Shields
 11185 | D:11     | Noticed a four-headed hydra
 11201 | D:11     | Killed a four-headed hydra
 11408 | D:11     | Found a staircase to the Lair.
 11600 | D:12     | Found Dirgh's Magic Scroll Boutique.
 11756 | D:12     | Noticed a two-headed ogre
 11763 | D:12     | Killed a two-headed ogre
 12023 | D:12     | Reached ****** piety under Cheibriados
 12195 | D:13     | Noticed a two-headed ogre
 12209 | D:13     | Killed a two-headed ogre
 12255 | D:13     | Reached skill level 13 in Shields
 12317 | D:13     | Noticed Snorg
 12323 | D:13     | Noticed an eight-headed hydra
 12343 | D:13     | Killed a one-headed hydra
 12480 | Lair:1   | Entered Level 1 of the Lair of Beasts
 12506 | Lair:1   | Noticed a seven-headed hydra
 12507 | Lair:1   | Noticed Nergalle
 12518 | Lair:1   | Killed a one-headed hydra
 12538 | Lair:1   | Killed Nergalle
 12661 | Lair:1   | Gained mutation: You can use your snake-like lower body to constrict enemies. [Naga growth]
 12661 | Lair:1   | Reached XP level 13. HP: 95/115 MP: 13/13
 13475 | Lair:2   | Found a staircase to the Swamp.
 14061 | Lair:3   | Noticed Fannar
 14074 | Lair:3   | Killed Fannar
 14074 | Lair:3   | Reached skill level 14 in Shields
 14161 | Lair:3   | Got a clouded tin ring
 14639 | Lair:3   | Found a staircase to the Snake Pit.
 15023 | Lair:4   | Identified the ring "Vutz" {rPois MR+ Dex+3 SInv} (You found it on level 3 of the Lair of Beasts)
 16059 | Lair:5   | Reached skill level 15 in Shields
 16108 | Lair:5   | Reached XP level 14. HP: 123/126 MP: 14/14
 16469 | Lair:5   | Noticed a dire elephant
 16480 | Lair:5   | Killed a dire elephant
 16656 | Lair:5   | Identified a scroll of acquirement
 17088 | Lair:6   | Entered Level 6 of the Lair of Beasts
 17227 | Lair:6   | Reached skill level 16 in Shields
 17318 | Lair:6   | Found a staircase to the Slime Pits.
 18007 | Lair:6   | Found a runed door.
 18016 | Lair:6   | Paralysed by a hornet for 1 turns
 18026 | Lair:6   | Paralysed by a hornet for 2 turns
 18034 | Lair:6   | Gained mutation: You have a somewhat thin skeletal structure. (Dex +2, Stealth) [potion of mutation]
 18034 | Lair:6   | Gained mutation: You are somewhat resistant to further mutation. [potion of mutation]
 18234 | Lair:6   | Reached XP level 15. HP: 103/135 MP: 15/15
 18569 | Snake:1  | Entered Level 1 of the Snake Pit
 18870 | Snake:1  | HP: 5/135 [shock serpent/bolt of electricity (14)]
 19201 | Snake:1  | Reached skill level 17 in Shields
 19328 | Snake:1  | Found Ywnock's Food Emporium.
 20026 | Orc:1    | Entered Level 1 of the Orcish Mines
 20026 | Orc:1    | Noticed an orc warlord
 20050 | D:9      | Killed an orc warlord
 20465 | Orc:2    | Entered Level 2 of the Orcish Mines
 20467 | Orc:2    | Found a staircase to the Elven Halls.
 20548 | Orc:2    | Found a roughly hewn altar of Beogh.
 20565 | Orc:2    | Found Lovvaka's Book Shop.
 20650 | Orc:2    | Found a roughly hewn altar of Beogh.
 20675 | Orc:2    | Found Osaax's Food Shoppe.
 20753 | Orc:2    | Found a roughly hewn altar of Beogh.
 20812 | Orc:2    | Found a roughly hewn altar of Beogh.
 21048 | Orc:2    | Found a roughly hewn altar of Beogh.
 21113 | Orc:2    | Reached skill level 1 in Invocations
 21117 | Orc:2    | Noticed an orc warlord
 21131 | Orc:2    | Killed an orc warlord
 21205 | Orc:2    | Found Jascheh's Antique Armour Shop.
 21206 | Orc:2    | Found a roughly hewn altar of Beogh.
 21207 | Orc:2    | Found Lomeir's Antique Weapon Boutique.
 21214 | Orc:2    | Bought an embroidered scarf for 152 gold pieces
 21454 | Elf:1    | Entered Level 1 of the Elven Halls
 21751 | D:14     | Reached skill level 10 in Armour
 21815 | D:14     | Got a slimy robe
 21816 | D:14     | Identified the +1 robe "Fots" {rPois rC+ MR- Int+2 Dex+2} (You found it on level 14 of the Dungeon)
 21926 | D:14     | Found a shadowy altar of Dithmenos.
 22396 | D:15     | Entered Level 15 of the Dungeon
 22445 | D:15     | Noticed Louise
 22472 | D:15     | Killed Louise
 22472 | D:15     | Reached XP level 16. HP: 69/144 MP: 18/18
 22743 | D:15     | Got an ancient bronze ring
 22750 | D:15     | Identified the ring of Zimish {*Tele *Corrode rF+ MR+} (You found it on level 15 of the Dungeon)
 23034 | D:15     | Found a staircase to the Depths.
 23049 | D:15     | Reached skill level 18 in Shields
 23403 | D:15     | Reached skill level 10 in Fighting
 23414 | D:15     | Reached skill level 5 in Invocations
 23565 | D:15     | Found a corrupted altar of Lugonu.
 23634 | D:15     | Noticed Rupert
 23646 | D:15     | Killed Rupert
 23795 | Swamp:1  | Entered Level 1 of the Swamp
 24799 | Swamp:2  | Noticed Nikola
 24799 | Swamp:2  | Killed from afar by Nikola

Skill      XL: |  1  2  3  4  5  6  7  8  9 10 11 12 13 14 15 16 |
---------------+-------------------------------------------------+-----
Axes           | 3 4 5 6 7 8 9 |  9.5
Armour         | 3 4 5 6 7 8 9 10 | 10.7
Shields        | 3 4 7 9 11 13 15 16 17 18 | 18.5
Fighting       | 4 5 6 7 8 9 10 | 10.2
Dodging        | 1 2 3 |  3.0
Invocations    | 3 5 |  5.6
Stealth        | |  0.4

Action                   |  1- 3 |  4- 6 |  7- 9 | 10-12 | 13-15 | 16-18 || total
-------------------------+-------+-------+-------+-------+-------+-------++-------
Melee: War axe           |   146 |   193 |   164 |       |       |       ||   503
       Whip              |       |       |   196 |   870 |  1215 |   302 ||  2583
       Mace              |       |       |       |    24 |       |       ||    24
       Hand axe          |       |       |       |    27 |    26 |       ||    53
       Constrict         |       |       |       |       |   246 |    51 ||   297
       Broad axe         |       |       |       |       |       |    48 ||    48
Invok: Slouch            |       |       |       |     1 |     4 |     6 ||    11
Evoke: Wand              |       |       |       |     4 |     7 |       ||    11
  Use: Scroll            |     1 |     3 |    10 |     8 |    17 |     5 ||    44
       Potion            |       |       |    15 |    10 |    14 |       ||    39
 Stab: Invisible         |       |       |       |     4 |     1 |       ||     5
       Distracted        |       |       |       |     1 |       |       ||     1
       Petrified         |       |       |       |       |     1 |       ||     1
  Eat: Ration            |     1 |     1 |     3 |     5 |     7 |     2 ||    19
       Chunk             |       |       |     1 |     1 |       |       ||     2
Armor: Scale mail        |    40 |       |       |       |       |       ||    40
       Chain mail        |    89 |   121 |    74 |       |       |       ||   284
       Plate armour      |       |       |    86 |   312 |   335 |    73 ||   806
       Skin              |       |       |     2 |       |       |       ||     2
Dodge: Dodged            |    38 |    49 |    31 |   131 |   249 |    54 ||   552
Block: Shield            |    78 |       |       |       |       |       ||    78
       Buckler           |    17 |    83 |    24 |       |       |       ||   124
       Large shield      |       |       |   252 |   995 |  1738 |   414 ||  3399
